 Dungeon Crawl Stone Soup version 0.29-a0-886-gfb1a3fa8b1 (webtiles) character file.

Game seed: 15834865807541985840

18890 Destapler the Basher (level 12, -2/126 HPs)
             Began as a Troll Berserker on July 20, 2022.
             Was a High Priest of Trog.
             Slain by Erolcha
             ... wielding a +0 giant spiked club
              (12 damage)
             ... on level 1 of the Orcish Mines on July 21, 2022.
             The game lasted 00:55:08 (11805 turns).

Destapler the Basher (Troll Berserker)             Turns: 11805, Time: 00:55:08

Health: -2/126     AC: 13    Str: 30    XL:     12   Next: 31%
Magic:  11/11      EV:  8    Int:  5    God:    Trog [*****.]
Gold:   1603       SH: 13    Dex:  9    Spells: 11/11 levels left

rFire   . . .      SeeInvis .   a - +5 whip (vorpal)
rCold   . . .      Faith    .   h - +0 tower shield
rNeg    . . .      Spirit   .   L - +3 troll leather armour
rPois   .          Reflect  .   (helmet restricted)
rElec   .          Harm     .   k - scarf {repulsion}
rCorr   .          Rampage  .   (gloves unavailable)
Will    .....                   (boots unavailable)
Stlth   +.........              (no amulet)
HPRegen 1.91/turn               o - +4 ring of protection
MPRegen 0.12/turn               (no ring)

@: repel missiles
A: large, unfitting armour, claws 3, regeneration 1, shaggy fur 1, tough skin 1
a: Renounce Religion, Berserk, Trog's Hand, Brothers in Arms


You were on level 1 of the Orcish Mines.
You worshipped Trog.
Trog was extremely pleased with you.
You visited 2 branches of the dungeon, and saw 13 of its levels.
You also visited: Bailey.

You collected 1603 gold pieces.

Inventory:

Hand Weapons
 a - a +5 vorpal whip (weapon)
Missiles
 d - 5 silver javelins
 A - 5 poisoned darts (quivered)
 F - 2 throwing nets
 I - 2 boomerangs
 M - 5 javelins
 O - 3 silver boomerangs
Armour
 h - a +0 tower shield (worn)
 k - a scarf of repulsion (worn)
 p - a +0 cloak of willpower
 L - a +3 troll leather armour (worn)
 N - +0 acid dragon scales
Jewellery
 o - a +4 ring of protection (left claw)
Wands
 q - a wand of iceblast (36)
 G - a wand of paralysis (10)
 H - a wand of light (8)
 K - a wand of flame (37)
Scrolls
 e - 3 scrolls of summoning
 f - 2 scrolls of poison
 l - 2 scrolls of teleportation
 t - a scroll of vulnerability
 v - 2 scrolls of blinking
 y - a scroll of torment {unknown}
Potions
 c - 8 potions of curing
 g - 4 potions of flight
 m - 3 potions of berserk rage
 n - 6 potions of mutation
 r - 4 potions of heal wounds
 s - 2 potions of lignification
 u - a potion of invisibility
 z - 2 potions of haste
 J - a potion of attraction


   Skills:
 + Level 9.7 Fighting
 + Level 10.7 Maces & Flails
 - Level 5.0 Throwing
 - Level 5.0 Armour
 - Level 5.0 Dodging
 + Level 7.2 Shields
 - Level 3.0 Evocations


You had 11 spell levels left.
You didn't know any spells.
Your spell library contained the following spells:

 Spells                   Type           Power      Damage    Failure   Level
 Beastly Appendage        Tmut           0%         N/A       97%         1
 Wereblood                Tmut           0%         N/A       99%         2
 Ignite Poison            Fire/Tmut/Pois 0%         N/A       100%        3
 Mephitic Cloud           Conj/Pois/Air  0%         N/A       100%        3
 Ozocubu's Armour         Ice            0%         N/A       100%        3
 Spider Form              Tmut/Pois      0%         N/A       100%        3
 Freezing Cloud           Conj/Ice/Air   0%         6-21      100%        5
 Ozocubu's Refrigeration  Ice            0%         4d5       100%        7


Dungeon Overview and Level Annotations

Branches:
Dungeon (11/15)            Temple (0/1) D:6            Lair (0/5) D:8
    Orc (2/2) D:9          Bailey (visited)
    Elf: Orc:2

Altars:
Fedhas
Hepliaklqana
Makhleb
Nemelex Xobeh
Okawaru
Trog
Uskayaw
Xom
Zin

Shops:
Orc:1 [

Annotations:
Orc:2 Erolcha


Innate Abilities, Weirdness & Mutations

You are too large for most types of armour.
You have claws for hands.
Your natural rate of healing is unusually fast.
You are covered in fur. (AC +1)
You have tough skin. (AC +1)


Message History

The orc wizard hits you but does no damage.
You block something's attack.
You closely miss the orc wizard. You closely miss the orc wizard.
The orc wizard barely misses you. You block something's attack.
You hit the orc wizard.
The orc wizard is lightly wounded.
The orc wizard hits you but does no damage.
You closely miss the orc wizard.
The orc wizard is lightly wounded.
The orc wizard hits you but does no damage.
Something hits you!!
* * * LOW HITPOINT WARNING * * *
You whack the orc wizard!
You kill the orc wizard!
Trog accepts your kill.
Trog appreciates your killing of a magic user.
Something hits you!!
* * * LOW HITPOINT WARNING * * *
Something hits you!
* * * LOW HITPOINT WARNING * * *
There is a stone staircase leading down, spattered with blood here.
Things that are here:
a +0 dagger; a +1 robe of willpower
Items here: ( )) [ †.
You hear some strange, mumbled words.
There is a staircase back to the Dungeon, spattered with blood here.
Things that are here:
a +0 plate armour; a +0 broad axe You see here a +0 giant club.
You hear some strange, mumbled words.
A fireball appears from out of thin air!
The fireball explodes!
The fireball engulfs you!
* * * LOW HITPOINT WARNING * * *
You hear some strange, mumbled words.
A fireball appears from out of thin air!
The fireball explodes!
The fireball engulfs you!
* * * LOW HITPOINT WARNING * * *
Something hits you!
You die...

##..#...#............#..####..###
#......###...#.......#..........#
##.....# ##.#....................
##...####.....##...........#...#
#......#.....#...[.......######
#........................#
##..#..........)).)..#..##
####.....##....><.......#
##.#.....{@..).......#
######.........[.[.#.##
##.#..#....#.........##
#......#....#.......## ####
##.................## ##.##
##...................## #...#
##.....................## #....
#.......................####.##
#.............8.#.......#.###..


There were no monsters in sight!

Vanquished Creatures
  An orc warlord (D:9)
  3 two-headed ogres
  Pikel (D:4)
  3 orc knights
  Maggie (D:9)
  An unseen horror (D:11)
  4 trolls
  22 yaks
  A wyvern (D:10)
  A steam dragon (D:7)
  6 vampire mosquitoes
  Duvessa (D:4)
  An acid dragon (D:9)
  3 water moccasins
  2 ice beasts
  39 orc warriors
  4 sky beasts
  A black bear (D:6)
  2 centaurs
  6 ogres
  A phantom (D:7)
  3 kobold brigands
  3 bullfrogs
  3 scorpions
  A gnoll sergeant (D:10)
  A necrophage (D:6)
  Dowan (D:4)
  4 killer bees (D:9)
  7 howler monkeys
  5 hounds
  2 jellies
  Crazy Yiuf (D:2)
  A gnoll bouda (D:7)
  26 orc priests
  Jessica (D:3)
  Terence (D:2)
  An iguana (D:6)
  24 orc wizards
  Ijyb (D:3)
  Natasha (D:2)
  14 gnolls
  5 adders
  A shadow imp (D:7)
  3 white imps
  2 worms (D:2)
  3 dart slugs
  118 orcs
  8 endoplasms
  7 giant cockroaches
  8 goblins
  6 hobgoblins
  6 jackals (D:4)
  A quokka (D:4)
  3 ball pythons
  4 bats
  4 frilled lizards
  19 kobolds
  4 rats (D:3)
  A spectral orc (D:5)
408 creatures vanquished.

Vanquished Creatures (others)
  24 fungi (D:10)
  4 plants (D:6)
28 creatures vanquished.

Grand Total: 436 creatures vanquished

Notes
Turn   | Place    | Note
-------+----------+-------------------------------------------
     0 | D:1      | Destapler the Troll Berserker began the quest for the Orb.
     0 | D:1      | Reached XP level 1. HP: 22/22 MP: 0/0
     3 | D:1      | Noticed a demonspawn zombie
    18 | D:1      | Noticed a demonspawn zombie
   180 | D:1      | Reached XP level 2. HP: 29/29 MP: 1/1
   236 | D:1      | Reached skill level 3 in Maces & Flails
   519 | D:1      | Found a faded altar of an unknown god.
   648 | D:2      | Reached XP level 3. HP: 36/36 MP: 2/2
   703 | D:2      | Noticed Terence
   713 | D:2      | Killed Terence
   789 | D:2      | Reached ** piety under Trog
   807 | D:2      | Noticed Natasha
   810 | D:2      | Reached XP level 4. HP: 43/45 MP: 3/3
   815 | D:2      | Killed Natasha
  1084 | D:2      | Found a runed translucent door.
  1085 | D:2      | Noticed Crazy Yiuf
  1093 | D:2      | Killed Crazy Yiuf
  1192 | D:3      | Noticed Ijyb
  1209 | D:3      | Reached XP level 5. HP: 53/53 MP: 4/4
  1215 | D:3      | Killed Ijyb
  1306 | D:3      | Reached skill level 4 in Maces & Flails
  1486 | D:3      | Noticed Jessica
  1494 | D:3      | Killed Jessica
  1717 | D:4      | Identified the +1 pair of boots "Orchenkad" {Regen+}
  1794 | D:4      | Reached XP level 6. HP: 62/62 MP: 5/5
  1848 | D:4      | Noticed Duvessa
  1848 | D:4      | Noticed Dowan
  1994 | D:4      | Killed Duvessa
  1998 | D:4      | Killed Dowan
  1998 | D:4      | Reached *** piety under Trog
  2181 | D:4      | Noticed Pikel
  2200 | D:4      | Killed Pikel
  2201 | D:4      | Reached skill level 5 in Maces & Flails
  2201 | D:4      | Reached XP level 7. HP: 36/71 MP: 6/6
  2314 | D:4      | Reached skill level 5 in Fighting
  2320 | D:4      | Reached skill level 5 in Dodging
  2579 | D:5      | Entered Level 5 of the Dungeon
  2593 | D:5      | Reached XP level 8. HP: 80/80 MP: 7/7
  2611 | D:5      | Reached skill level 1 in Shields
  2758 | D:5      | Found a glowing silver altar of Zin.
  2947 | D:5      | Found a hazy altar of Hepliaklqana.
  2970 | D:5      | Found a shimmering altar of Xom.
  2991 | D:5      | Found a sparkling altar of Nemelex Xobeh.
  3006 | D:5      | Found a bloodstained altar of Trog.
  3216 | D:5      | Reached skill level 6 in Maces & Flails
  3399 | D:6      | Found a staircase to the Ecumenical Temple.
  3595 | D:6      | Reached **** piety under Trog
  3642 | D:6      | Found a blossoming altar of Fedhas.
  4247 | D:6      | Identified the +0 mace of Ygopeg {distort, rF+}
  4277 | D:6      | Reached XP level 9. HP: 89/89 MP: 8/8
  4308 | D:6      | Reached skill level 5 in Shields
  4571 | D:7      | Reached skill level 1 in Throwing
  4787 | D:7      | Reached skill level 7 in Maces & Flails
  5839 | D:8      | Found a burning altar of Makhleb.
  5844 | D:8      | Identified the +5 ring mail of Pathos {Harm +Inv Int+2}
  6011 | D:8      | Reached XP level 10. HP: 89/100 MP: 9/9
  6049 | D:8      | Reached skill level 8 in Maces & Flails
  6309 | D:8      | Noticed a two-headed ogre
  6396 | D:8      | Killed a two-headed ogre
  6631 | D:8      | Found a staircase to the Lair.
  6664 | D:9      | Noticed Maggie
  6855 | D:9      | Killed Maggie
  6856 | D:9      | Reached skill level 9 in Maces & Flails
  6954 | D:9      | Reached skill level 1 in Armour
  7126 | D:9      | Reached XP level 11. HP: 100/113 MP: 10/10
  7692 | D:9      | Found a staircase to the Orcish Mines.
  7825 | D:9      | Reached skill level 10 in Maces & Flails
  7865 | D:9      | Reached ***** piety under Trog
  8276 | D:10     | Entered Level 10 of the Dungeon
  8306 | D:10     | Identified a scroll of acquirement
  8306 | D:10     | Acquired 703 gold pieces
  8337 | D:10     | Found a flagged portal.
  8418 | Bailey   | Entered a bailey
  8474 | Bailey   | Reached skill level 1 in Evocations
  8684 | Bailey   | Identified the +2 bardiche "Backscratcher" {vorpal, rPois
                  | Int+3 Dex+2}
  8685 | Bailey   | Noticed an orc knight
  8685 | Bailey   | Noticed an orc knight
  8693 | Bailey   | Killed an orc knight
  8703 | Bailey   | Killed an orc knight
  8706 | Bailey   | HP: 8/172 [orc/+0 spear (3)]
  8712 | Bailey   | Identified the +3 arbalest of Glory {flame, rPois Str+4}
  9041 | D:10     | Found a hide-covered altar of Uskayaw.
  9057 | D:10     | Found an iron altar of Okawaru.
  9715 | D:11     | Noticed a two-headed ogre
  9773 | D:11     | Killed a two-headed ogre
  9860 | Orc:1    | Entered Level 1 of the Orcish Mines
  9860 | Orc:1    | Noticed an orc warlord
 10518 | D:9      | Killed an orc warlord
 10638 | D:9      | Reached XP level 12. HP: 121/124 MP: 11/11
 10670 | Orc:1    | Found Lituloydo's Antique Armour Shop.
 11028 | Orc:2    | Entered Level 2 of the Orcish Mines
 11348 | Orc:2    | Noticed a two-headed ogre
 11383 | Orc:2    | Noticed an orc high priest
 11384 | Orc:2    | Received a gift from Trog
 11481 | Orc:1    | Reached skill level 5 in Armour
 11523 | Orc:2    | Noticed a two-headed ogre
 11578 | Orc:1    | Killed a two-headed ogre
 11767 | Orc:2    | Reached skill level 5 in Throwing
 11774 | Orc:2    | Noticed Erolcha
 11805 | Orc:1    | Slain by Erolcha

Illustrated notes

Levels and vault maps discovered:
D:1:      shiori_arrival_whats_in_store_for_you, layout_basic,
          hellmonk_ecumenical_altar_leap_of_faith
D:2:      layout_rooms, small_statue_intersection, uniq_terence, uniq_natasha,
          uniq_crazy_yiuf_cottage
D:3:      layout_rooms, minmay_between, uniq_ijyb, uniq_jessica
D:4:      layout_cave_pools, dreamdust_wishing_well, dk_noncrumbling_4,
          uniq_pikel, uniq_duvessa
D:5:      layout_gridville, nicolae_hepliaklqana_monster_ancestors,
          mainiacjoe_overflow_catwalk, mainiacjoe_overflow_24_doors,
          kennysheep_little_box, nemelex_xobeh_ov_fountains_minmay,
          minmay_door_square
D:6:      layout_loops_cross, lemuel_doored_altar,
          minmay_temple_entry_overgrown, kennysheep_potato
D:7:      layout_basic, st_stairs_9, grunt_decor_mini_mirrors,
          minmay_crystal_room
D:8:      layout_basic, nicolae_overflow_crystal_walls, lair_entry_dummy
D:9:      layout_basic, david_orc_5, uniq_maggie
D:10:     layout_gridville, mainiacjoe_overflow_chevrons,
          nicolae_uskayaw_dance_hall, enter_bailey_6
D:11:     layout_long_grid
Orc:1:    layout_caves, serial_shops, nicolae_shop_statue_plus,
          lightli_orcish_oven
Orc:2:    st_orc_pillars, layout_caves, uniq_erolcha

Skill      XL: |  1  2  3  4  5  6  7  8  9 10 11 12 |
---------------+-------------------------------------+-----
Maces & Flails | 3 4 5 6 7 9 10 | 10.7
Fighting       | 3 4 5 6 8 9 |  9.7
Dodging        | 3 4 5 |  5.0
Shields        | 4 6 7 |  7.2
Throwing       | 3 4 5 |  5.0
Armour         | 2 4 5 |  5.0
Evocations     | 2 3 |  3.0

Action                   |  1- 3 |  4- 6 |  7- 9 | 10-12 || total
-------------------------+-------+-------+-------+-------++-------
Melee: Mace              |    11 |       |       |       ||    11
       Whip              |    51 |   176 |   506 |  1082 ||  1815
       Punch             |     1 |     1 |       |       ||     2
Throw: Throwing net      |       |     1 |       |       ||     1
       Dart              |       |       |     9 |    33 ||    42
Invok: Berserk           |     2 |     5 |    11 |    26 ||    44
       Trog's Hand       |       |     1 |     2 |     4 ||     7
Evoke: Wand              |       |       |     3 |     2 ||     5
  Use: Scroll            |       |       |     9 |    17 ||    26
       Potion            |       |       |       |     1 ||     1
 Stab: Sleeping          |       |       |     1 |       ||     1
Armor: Animal skin       |    19 |    42 |    67 |       ||   128
       Steam dragon scal |       |       |   100 |    56 ||   156
       Troll leather arm |       |       |       |   140 ||   140
       Acid dragon scale |       |       |       |   130 ||   130
       Skin              |       |       |       |    14 ||    14
Dodge: Dodged            |    33 |   103 |   153 |   231 ||   520
       Repelled          |       |       |       |     3 ||     3
Block: Tower shield      |       |       |   181 |   697 ||   878

Table legend: (Time is in decaauts)
 A = Elapsed time spent in this place.
 B = Non-inter-level travel time spent in this place.
 C = Inter-level travel time spent in this place.
 D = Time resting spent in this place.
 E = Time spent auto-exploring this place.
 F = Levels seen in this place.
 G = Mean time per level.
                   A        B        C        D        E       F      G
               +--------+--------+--------+--------+--------+-----+--------+
         Total |  12013 |  11404 |    609 |   1925 |   5803 |  14 |  858.1 |
       Dungeon |  10389 |   9865 |    524 |   1585 |   5279 |  11 |  944.5 |
  Orcish Mines |   1228 |   1143 |     85 |    302 |    395 |   2 |  614.0 |
        Bailey |    394 |    394 |      0 |     37 |    129 |   1 |  394.0 |
               +--------+--------+--------+--------+--------+-----+--------+

Top non-repeatable levels by time:
     D:9: 2270 daAuts
     D:7: 1355 daAuts
     D:6: 1150 daAuts
     D:8: 1113 daAuts
   Orc:1: 1023 daAuts
    D:10: 983 daAuts
     D:4: 803 daAuts
     D:5: 723 daAuts
     D:1: 680 daAuts
     D:2: 596 daAuts
     D:3: 533 daAuts
  Bailey: 394 daAuts
   Orc:2: 205 daAuts
    D:11: 179 daAuts
